Map: Frostline LE

Players

zeroskill

  • Race: Protoss Protoss
  • League: Bronze
  • Spawn Location: 1:00

iPlayDefense - Winner!

  • Race: Terran Terran
  • League: Bronze
  • Spawn Location: 7:00

VOD

Have the link to the VOD?

Description

Time

  • Played on: April 12, 2025, 2:31 p.m.
  • Length: 13:27
Show
View Real Time Build Order
Export as new Build Order

zeroskill Protoss 

Build Orders:  

Get SALT Encoding   

  12  0:02  Probe  
  13  0:20  Pylon  
  13  0:24  Probe  
  14  0:40  Gateway  
  14  0:51  Assimilator  
  14  1:09  Probe  
  15  1:21  Probe  
  16  1:31  Zealot  
  18  1:33  Probe  
  19  1:45  Probe  
  20  1:55  Assimilator  
  20  1:58  Zealot  
  22  2:27  Pylon  
  22  2:30  Pylon  
  22  2:34  Nexus  
  22  2:45  Zealot  
  24  2:56  Gateway  
  24  3:07  Cybernetics Core  
  24  3:14  Gateway  
  24  3:16  Gateway  
  24  3:33  Assimilator  
  24  3:44  Forge  
  24  3:45  Warp Gate  
  24  4:03  Stalker x2  
  24  4:04  Stalker  
  24  4:08  Twilight Council  
  30  4:12  Probe  
  31  4:23  Probe  
  32  4:25  Probe  
  33  4:37  Probe, Protoss Ground Weapons Level 1  
  34  4:55  Blink  
  34  4:56  Stalker  
  36  5:02  Probe  
  37  5:14  Probe  
  37  5:17  Zealot  
  40  5:27  Probe  
  41  5:39  Probe  
  42  5:49  Pylon  
  42  5:51  Probe  
  42  5:52  Pylon  
  43  6:03  Probe  
  44  6:23  Stalker x2  
  44  6:24  Stalker x2  
  50  6:44  Protoss Ground Weapons Level 2  
  50  6:56  Assimilator, Charge, Probe  
  51  7:02  Stalker x2  
  55  7:08  Probe  
  56  7:24  Nexus  
  56  7:30  Assimilator  
  56  7:33  Assimilator  
  56  7:43  Robotics Facility  
  56  8:05  Templar Archives  
  56  8:15  Probe  
  57  8:25  Assimilator  
  57  8:28  Probe  
  57  8:31  Stalker x3  
  57  8:32  Stalker  
  66  8:37  Probe  
  66  8:40  Probe  
  68  8:49  Probe  
  68  8:52  Probe  
  68  8:55  Observer  
  70  9:01  Probe  
  72  9:04  Probe  
  73  9:13  Observer, Probe, High Templar x2  
  73  9:14  High Templar  
  81  9:25  Probe  
  81  9:31  Observer  
  83  9:38  Probe  
  84  9:49  Observer  
  84  9:51  Psionic Storm  
  85  10:12  Stargate  
  85  10:13  Stargate  
  85  10:15  Stargate  
  85  10:22  Archon  
  85  10:39  Pylon  
  85  10:46  Pylon  
  85  10:51  Pylon  
  85  10:57  Warp Prism, Probe  
  85  10:59  Pylon  
  88  11:10  Probe  
  89  11:22  Probe  
  90  11:31  Zealot x2  
  90  11:32  Zealot x2  
  98  11:33  Immortal  
  98  11:34  Probe  
  103  11:46  Probe  
  104  12:12  Immortal  
  104  12:15  Pylon  
  108  12:18  Pylon  
  108  12:22  Pylon  
  107  12:56  Stalker x4  
  58  13:13  Stalker x2  
Show
View Real Time Build Order
Export as new Build Order

iPlayDefense Terran - Winner!

Build Orders:  

Get SALT Encoding   

  12  0:00  SCV  
  13  0:13  SCV  
  14  0:19  Supply Depot  
  14  0:26  Refinery  
  14  0:40  SCV  
  15  0:52  SCV  
  16  0:59  Barracks  
  16  1:04  SCV  
  17  1:16  SCV  
  18  1:28  SCV  
  19  1:40  SCV  
  20  1:50  Barracks Reactor  
  20  1:52  SCV  
  20  1:53  Command Center  
  21  2:05  SCV  
  22  2:28  Orbital Command  
  22  2:34  Factory  
  22  2:35  Marine  
  23  2:44  Supply Depot  
  23  3:04  Marine x2  
  25  3:22  Supply Depot  
  25  3:23  SCV  
  25  3:27  SCV  
  27  3:29  Supply Depot  
  27  3:32  Factory Tech Lab  
  27  3:35  SCV  
  27  3:39  SCV  
  27  3:40  Barracks  
  29  3:43  Supply Depot  
  29  3:47  SCV  
  30  3:54  Barracks  
  30  3:55  Siege Tank  
  33  3:58  SCV  
  33  3:59  SCV  
  35  4:06  Supply Depot  
  35  4:10  SCV  
  35  4:11  Refinery  
  35  4:12  SCV  
  37  4:22  SCV, Marine x2  
  37  4:24  SCV  
  41  4:35  Barracks Tech Lab  
  41  4:36  SCV  
  42  4:39  Starport  
  42  4:43  Barracks Tech Lab  
  42  4:48  SCV  
  42  4:50  Supply Depot  
  43  4:58  Combat Shield  
  43  5:00  SCV  
  43  5:06  Supply Depot  
  44  5:12  SCV  
  45  5:20  Siege Tank  
  48  5:24  SCV  
  48  5:27  Stimpack  
  49  5:33  Supply Depot  
  49  5:36  SCV  
  50  5:47  Marine x4  
  54  5:53  Starport Reactor  
  54  5:56  Supply Depot  
  53  5:59  Engineering Bay  
  53  6:01  Supply Depot  
  52  6:05  Marine x4  
  53  6:16  SCV  
  52  6:22  Marine  
  52  6:23  Marine x3  
  52  6:25  SCV  
  57  6:28  SCV  
  58  6:37  SCV  
  58  6:40  SCV, Marine  
  58  6:41  Supply Depot, Marine x3  
  63  6:49  SCV  
  63  6:52  SCV  
  65  6:59  Marine x2  
  67  7:01  SCV  
  67  7:03  Supply Depot x2  
  67  7:04  SCV  
  67  7:05  Terran Infantry Weapons Level 1  
  69  7:10  Supply Depot  
  69  7:13  SCV  
  70  7:16  Marine  
  70  7:17  Marauder  
  70  7:22  Concussive Shells  
  73  7:25  Supply Depot  
  73  7:27  Marine x2  
  75  7:32  Supply Depot  
  75  7:34  Marine  
  75  7:35  SCV  
  77  7:38  Marine  
  77  7:39  Refinery  
  77  7:41  Refinery  
  78  7:45  Marine  
  78  7:47  SCV, Hellion  
  78  7:48  Supply Depot  
  82  7:53  Supply Depot, Marauder  
  82  7:56  Marauder  
  86  7:58  Missile Turret  
  86  8:00  SCV  
  86  8:01  Supply Depot  
  87  8:10  Supply Depot  
  87  8:12  SCV  
  88  8:19  Hellion  
  90  8:24  SCV  
  91  8:36  SCV, Bunker  
  91  8:40  Siege Tank  
  95  8:48  SCV  
  94  8:59  Command Center  
  94  9:04  Supply Depot, Marine x4  
  98  9:10  Medivac  
  98  9:12  Siege Tank  
  98  9:14  Orbital Command  
  103  9:22  Marine  
  103  9:23  Marauder x2  
  108  9:26  Marine  
  109  9:32  Medivac  
  111  9:40  Marine  
  111  9:44  Marine, Marauder  
  111  9:45  Missile Turret  
  115  9:49  Supply Depot  
  115  10:01  Marine x2  
  115  10:02  Marauder  
  115  10:04  Medivac x2  
  115  10:05  Siege Tank, Marauder  
  128  10:11  Missile Turret  
  128  10:12  Supply Depot  
  128  10:19  Marine x2  
  130  10:23  Marauder  
  130  10:24  Terran Infantry Armor Level 1  
  130  10:27  Marauder, Armory  
  134  10:34  Medivac x2  
  138  10:37  Siege Tank, Marine x2  
  138  10:42  Bunker  
  143  10:45  Marauder  
  143  10:48  Marauder  
  147  10:54  Marine x2  
  149  10:57  Missile Turret  
  149  11:01  Missile Turret  
  149  11:06  Marine  
  149  11:09  Siege Tank, Marine  
  154  11:12  Marine  
  155  11:18  Missile Turret  
  155  11:21  Missile Turret  
  155  11:24  Marauder  
  157  11:30  Barracks  
  157  11:36  SCV  
  157  11:39  SCV  
  159  11:43  Missile Turret  
  159  11:48  SCV, Marine x2  
  159  11:50  Marauder  
  164  12:02  Missile Turret  
  164  12:18  Barracks  
  164  12:19  Hi-Sec Auto Tracking  
  153  13:11  SCV  
  146  13:17  Barracks Reactor  
  146  13:18  Barracks Reactor  
  146  13:21  Factory  
Tags
 
Matchup
PvT
Replay Pack
DaveSC2
Spawn Locations
Cross Positions
Add a new tag
Caveats
  • Supply blocks, unpowered buildings, or Contaminate may cause inaccurate times.
  • Supply counts are checked every 10 seconds.